 Dungeon Crawl Stone Soup version 0.28.0-1-gb440e238dd (webtiles) character file.

Game seed: 5264721875993035086

29 chmiii the Poker (level 3, -1/28 HPs)
             Began as a Merfolk Gladiator on Feb 21, 2022.
             Slain by an adder (3 damage)
             ... on level 1 of the Dungeon.
             The game lasted 00:03:33 (1259 turns).

chmiii the Poker (Merfolk Gladiator)                Turns: 1259, Time: 00:03:34

Health: -1/28      AC:  4    Str: 11 (14) XL:     3   Next: 16%
Magic:  3/3        EV: 13    Int:  4 (7)  God:
Gold:   39         SH:  0    Dex: 16 (17) Spells: 2/2 levels left

rFire   . . .      SeeInvis .   a - +0 trident
rCold   . . .      Faith    .   (no shield)
rNeg    . . .      Spirit   .   b - +0 leather armour
rPois   .          Reflect  .   c - +0 helmet
rElec   .          Harm     .   (no cloak)
rCorr   .          Rampage  .   (no gloves)
Will    .....                   (no boots)
Stlth   +.........              (no amulet)
HPRegen 0.09/turn               (no ring)
MPRegen 0.08/turn               (no ring)

@: brilliant, lethally poisoned (-1 -> -2)
A: (nimble swimmer 2), mertail
a: no special abilities


You were on level 1 of the Dungeon.
You visited 1 branch of the dungeon, and saw 2 of its levels.

You collected 39 gold pieces.

Inventory:

Hand Weapons
 a - a +0 trident (weapon)
Missiles
 d - 2 throwing nets (quivered)
 j - 5 poisoned darts
Armour
 b - a +0 leather armour (worn)
 c - a +0 helmet (worn)
Scrolls
 e - a scroll of teleportation {unknown}
 f - 2 scrolls of enchant armour {unknown}
 h - 2 scrolls of identify {unknown}
 i - a scroll of fear {unknown}


   Skills:
 + Level 2.7 Fighting
 + Level 4.9 Polearms
 + Level 2.4 Throwing
 + Level 4.4 Dodging


You had 2 spell levels left.
You didn't know any spells.
Your spell library was empty.

Dungeon Overview and Level Annotations

Branches:
Dungeon (2/15)

Altars:

Shops:
D:1 [


Innate Abilities, Weirdness & Mutations

((You are very nimble when in or above water. (Stealth+, EV+, Speed+++)))
Your lower body shifts to a powerful aquatic tail in water.


Message History

You are too injured to fight recklessly!
You are too injured to fight recklessly!
You are too injured to fight recklessly!
You are too injured to fight recklessly!
You are too injured to fight recklessly!
You are too injured to fight recklessly!
You are too injured to fight recklessly!
You hit the adder but do no damage.
The adder is heavily wounded.
The adder struggles against the net. x2
You barely miss the adder.
The adder is heavily wounded.
The adder struggles against the net.
You catch the helpless adder completely off-guard!
You hit the adder.
The adder is severely wounded.
The adder struggles against the net.
The net rips apart, and the adder comes free!
You barely miss the adder.
The adder is heavily wounded.
The adder misses you.
You closely miss the adder.
The adder is heavily wounded.
The adder closely misses you. The adder bites you.
* * * LOW HITPOINT WARNING * * *
You are poisoned.
The adder poisons you!
You barely miss the adder.
The adder is heavily wounded.
* * * LOW HITPOINT WARNING * * *
You feel sick. The adder bites you but does no damage.
You closely miss the adder.
The adder is heavily wounded.
* * * LOW HITPOINT WARNING * * *
You feel sick. The adder barely misses you. x2
You miss the adder.
The adder is heavily wounded.
* * * LOW HITPOINT WARNING * * *
You feel sick. The adder bites you.
You die...

#......#........# #....
###.##.#..##.##.# ##.##.
#.##.#..#...#.# ####.§.##
#.##......_...## #.#..≈§§# ######
#.####..#...#..###...§≈≈§. #....#
#.# #..##.##......#..≈.§# #....#
#.# #.............##...##
#....###.#####.............##.##.
#..........P....@..##......).....
.....###.#.♣....S...#......######
P..P.....#..................#####
♣♣♣........P.........#....#.>....
.♣♣PP)......##...................
..♣♣.......###...............##..
....P......#.....#.##............
P..PP............................
..............#..#...#...........


You could see an adder.

Vanquished Creatures
  3 ball pythons (D:1)
  2 bats (D:1)
  3 endoplasms (D:1)
  2 giant cockroaches (D:1)
  3 hobgoblins
  5 jackals
  A goblin (D:1)
  3 kobolds (D:1)
  3 rats (D:1)
25 creatures vanquished.

Notes
Turn   | Place    | Note
-------+----------+-------------------------------------------
     0 | D:1      | chmiii the Merfolk Gladiator began the quest for the Orb.
     0 | D:1      | Reached XP level 1. HP: 16/16 MP: 1/1
   259 | D:1      | Reached XP level 2. HP: 21/23 MP: 2/2
   296 | D:1      | Found Hochiono's Armour Shoppe.
   503 | D:1      | Found a faded altar of an unknown god.
   590 | D:1      | Reached XP level 3. HP: 28/28 MP: 3/3
  1259 | D:1      | Slain by an adder

Illustrated notes

Levels and vault maps discovered:
D:1:      dpeg_arrival_leaves_temple_mockup, layout_rooms, serial_shops,
          nicolae_shop_waterfront, ebering_ecumenical_altar_box, serial_forest,
          infiniplex_forest_clump_double, infiniplex_forest_zigzag_2,
          infiniplex_forest_end_2, infiniplex_forest_side_room,
          infiniplex_forest_lined_corner, infiniplex_forest_clump_C,
          infiniplex_forest_clump_small, infiniplex_forest_corner_1,
          infiniplex_forest_clump_tiny, grunt_decor_clamped,
          amcnicky_mini_pool_small, serial_bayou_pond_d, columned_hall_lemuel
D:2:      layout_basic, minmay_tripent

Action                   || total
-------------------------++-------
Melee: Trident           ||    91
       Punch             ||     1
       Tailslap          ||     1
Throw: Throwing net      ||     1
  Use: Potion            ||     2
 Stab: Held in net/web   ||     1
Armor: Leather armour    ||    20
Dodge: Dodged            ||    69
